Map: 大气2000-天梯版

Players

GuMiho

  • Race: Terran Terran

TIME (Oliveira) - Winner!

  • Race: Terran Terran
  • League: Grandmaster

Event: DreamHack SC2 Masters Last Chance 2022

VOD

Have the link to the VOD?

Description

Time

  • Played on: Dec. 17, 2021, 12:54 p.m.
  • Length: 7:47

All games in this series

Show
View Real Time Build Order
Export as new Build Order

GuMiho Terran 

Build Orders:  

Get SALT Encoding   

  12  0:00  SCV  
  13  0:12  SCV  
  14  0:16  Supply Depot  
  14  0:24  SCV  
  15  0:38  SCV  
  15  0:39  Barracks  
  15  0:42  Refinery  
  16  0:50  SCV  
  16  0:52  Refinery  
  17  1:02  SCV  
  18  1:14  SCV  
  19  1:26  Reaper, Orbital Command  
  19  1:27  Supply Depot  
  20  1:39  Factory  
  20  1:52  SCV  
  21  1:58  Reaper  
  22  2:04  SCV  
  23  2:15  Command Center  
  23  2:19  SCV  
  24  2:24  Hellion  
  26  2:30  Barracks Reactor  
  26  2:31  SCV  
  27  2:38  Supply Depot  
  27  2:44  SCV  
  27  2:46  Factory Tech Lab  
  27  2:49  Starport  
  28  2:56  SCV  
  29  3:06  Siege Tank, Marine x2  
  29  3:09  SCV  
  35  3:22  SCV  
  35  3:24  Marine x2  
  35  3:25  Refinery  
  38  3:27  Medivac  
  38  3:33  Orbital Command  
  40  3:37  SCV  
  41  3:42  Cyclone  
  44  3:49  Supply Depot  
  44  3:50  SCV  
  44  3:52  Marine  
  44  3:53  Marine  
  47  3:57  Starport Tech Lab  
  47  4:00  SCV  
  49  4:02  SCV  
  49  4:09  Supply Depot  
  49  4:12  SCV  
  50  4:18  Raven  
  50  4:19  SCV  
  50  4:21  Marine x2  
  55  4:24  SCV  
  55  4:27  Siege Tank  
  58  4:32  SCV  
  58  4:36  SCV  
  60  4:39  Marine x2  
  60  4:44  SCV  
  60  4:48  SCV  
  61  4:53  Command Center  
  61  4:57  Marine x2  
  63  5:01  SCV x2, Refinery, Raven  
  67  5:07  Supply Depot  
  70  5:22  Supply Depot  
  70  5:23  Supply Depot  
  70  5:26  SCV x2  
  69  5:31  Marine  
  69  5:32  Marine, Barracks  
  69  5:34  Barracks  
  71  5:35  Siege Tank  
  71  5:38  SCV x2  
  76  5:50  SCV x2  
  76  5:56  Engineering Bay  
  78  5:58  Engineering Bay  
  78  6:02  SCV x2  
  78  6:03  Viking x2  
  84  6:14  SCV x2, Orbital Command  
  76  6:23  Marine x3  
  78  6:26  SCV x2  
  78  6:28  Siege Tank  
  82  6:35  Viking  
  82  6:38  SCV x2  
  86  6:42  Barracks Reactor  
  86  6:43  Barracks Reactor  
  86  6:50  SCV x2  
  88  6:55  SCV  
  88  7:01  Supply Depot x2, Orbital Command  
  89  7:02  Supply Depot, SCV, Siege Tank  
  93  7:09  Missile Turret  
  93  7:13  Missile Turret  
  93  7:15  Marine  
  93  7:20  Marine x2  
  93  7:22  Marine  
  82  7:23  Marine  
Show
View Real Time Build Order
Export as new Build Order

TIME Terran - Winner!

Build Orders:  

Get SALT Encoding   

  12  0:00  SCV  
  13  0:12  SCV  
  14  0:17  Supply Depot  
  14  0:25  SCV  
  15  0:38  SCV  
  15  0:41  Barracks  
  16  0:45  Refinery  
  16  0:50  SCV  
  17  0:58  Barracks  
  17  1:02  SCV  
  18  1:09  Refinery  
  18  1:15  SCV  
  19  1:29  Reaper  
  19  1:32  Orbital Command  
  20  1:40  Supply Depot  
  21  1:47  Reaper  
  21  1:57  SCV  
  22  2:02  Reaper  
  23  2:10  SCV  
  23  2:14  Factory  
  24  2:19  Reaper  
  24  2:22  SCV  
  26  2:23  Supply Depot  
  26  2:34  Reaper  
  28  2:37  SCV  
  29  2:53  Reaper  
  29  2:58  Hellion  
  32  3:01  Command Center  
  31  3:08  Reaper  
  31  3:10  Starport  
  32  3:14  SCV  
  32  3:19  Factory Tech Lab  
  33  3:28  Supply Depot, SCV  
  34  3:37  Barracks Tech Lab  
  34  3:39  Cyclone  
  34  3:40  Barracks Reactor  
  37  3:44  SCV  
  38  3:51  Starport Tech Lab  
  38  3:56  SCV  
  38  3:58  Marine  
  38  4:02  Stimpack  
  40  4:12  SCV  
  40  4:13  Orbital Command  
  40  4:15  Refinery  
  40  4:17  Marine x2  
  41  4:19  Marine  
  41  4:21  Starport Reactor  
  41  4:24  SCV  
  45  4:34  Marine  
  45  4:36  Marine  
  47  4:39  Marine  
  47  4:44  SCV  
  43  4:47  SCV  
  43  4:50  Siege Tank  
  43  4:52  Marine  
  47  4:56  SCV, Marine  
  47  4:59  SCV, Marine  
  52  5:06  Medivac  
  54  5:08  Medivac, SCV  
  54  5:10  Marine  
  54  5:11  SCV  
  54  5:14  Supply Depot  
  59  5:18  Marine  
  59  5:20  SCV  
  61  5:22  Marine  
  62  5:35  SCV x2, Siege Tank, Marine  
  68  5:36  Marine  
  68  5:41  Marine  
  70  5:46  Medivac  
  70  5:58  Supply Depot  
  70  6:00  Medivac, SCV x2, Marine  
  70  6:03  Marine  
  74  6:12  SCV x2  
  74  6:16  Marine  
  72  6:20  Marine  
  72  6:22  Siege Tank  
  72  6:23  Combat Shield  
  72  6:25  SCV x2  
  75  6:30  Marine  
  71  6:36  Marine  
  71  6:37  SCV x2  
  71  6:38  Marine  
  75  6:43  Viking  
  77  6:48  Marine  
  78  6:54  SCV, Marine  
  78  6:58  Command Center  
  80  7:01  Siege Tank  
  80  7:02  Marine  
  80  7:04  SCV  
  80  7:07  Marine  
  86  7:14  Supply Depot  
  86  7:16  Viking  
  85  7:24  Marine  
  85  7:27  Marine  
  79  7:32  SCV x2  
  79  7:35  Barracks  

Tags
 
Add a new tag
Caveats
  • Supply blocks, unpowered buildings, or Contaminate may cause inaccurate times.
  • Supply counts are checked every 10 seconds.